 Dungeon Crawl Stone Soup version 0.29-a0-275-g389c0b56f3 (webtiles) character file.

Game seed: 7562761032359080207

184 siradein the Grave Robber (level 5, -1/41 HPs)
             Began as a Ghoul Necromancer on Mar 11, 2022.
             Killed from afar by an orc wizard (5 damage)
             ... with a magic dart
             ... on level 3 of the Dungeon.
             The game lasted 00:12:30 (3320 turns).

siradein the Grave Robber (Ghoul Necromancer)       Turns: 3320, Time: 00:12:31

Health: -1/41      AC:  6    Str: 12    XL:     5   Next: 64%
Magic:  1/7        EV: 11    Int: 18    God:
Gold:   127        SH:  0    Dex:  9    Spells: 5/9 levels left

rFire   . . .      SeeInvis .   l - +2 short sword (protect)
rCold   + . .      Faith    .   (no shield)
rNeg    + + +      Spirit   .   s - +0 leather armour
rPois   ∞          Reflect  .   (no helmet)
rElec   .          Harm     .   h - +1 cloak
rCorr   .          Rampage  .   (no gloves)
Will    .....                   n - +0 pair of boots
Stlth   +.........              (no amulet)
HPRegen 0.00/turn               d - +6 ring of intelligence
MPRegen 0.10/turn               (no ring)

@: inhibited regen
A: claws 1, cold resistance 1, negative energy resistance 3, inhibited
regeneration, torment resistance 2
a: no special abilities


You were on level 3 of the Dungeon.
You visited 1 branch of the dungeon, and saw 3 of its levels.

You collected 127 gold pieces.

Inventory:

Hand Weapons
 l - a +2 short sword of protection (weapon)
 o - a +0 hunting sling of flaming
 q - a +0 flail
Armour
 h - a +1 cloak (worn)
 n - a +0 pair of boots (worn)
 s - a +0 leather armour (worn)
Jewellery
 d - a +6 ring of intelligence (left claw)
 e - a ring of fire
Scrolls
 a - a scroll of enchant armour {unknown}
 g - a scroll of identify {unknown}
 i - a scroll of enchant weapon {unknown}
 t - a scroll of immolation {unknown}
Potions
 b - a potion of magic
 c - a potion of flight {unknown}
 f - a potion of attraction {unknown}
 j - a potion of heal wounds {unknown}
 k - 2 potions of invisibility {unknown}
 m - 2 potions of might {unknown}
 p - 2 potions of lignification {unknown}
 r - a potion of curing {unknown}


   Skills:
 + Level 2.1 Fighting
 + Level 0.5 Maces & Flails
 + Level 0.7 Slings
 + Level 1.7 Armour
 + Level 2.7 Dodging
 - Level 2.1 Stealth
 + Level 2.5 Spellcasting
 + Level 4.5 Necromancy


You had 5 spell levels left.
You knew the following spells:

 Your Spells              Type           Power      Damage    Failure   Level
a - Pain                  Necr           72%        1d7       3%          1
b - Vampiric Draining     Necr           18%        2d7       10%         3

Your spell library contained the following spells:

 Spells                   Type           Power      Damage    Failure   Level
 Animate Skeleton         Necr           36%        N/A       3%          1
 Animate Dead             Necr           9%         N/A       32%         4
 Agony                    Necr           18%        N/A       67%         5


Dungeon Overview and Level Annotations

Branches:
Dungeon (3/15)

Altars:

Shops:
D:3 [


Innate Abilities, Weirdness & Mutations

You thrive by killing the living.
You are immune to poison.
You have sharp fingernails.
Your flesh is cold resistant. (rC+)
You are immune to negative energy. (rN+++)
You do not regenerate when monsters are visible.
You are immune to unholy pain and torment.


Message History

The orc wizard casts a spell at you. The puff of flame misses you.
The puff of flame hits the orc!
The orc dies!
The orc hits you but does no damage.
The orc wizard casts a spell.
The orc wizard flickers and vanishes!
Deactivating autopickup; reactivate with Ctrl-A.
You see here a +0 dagger.
The orc attacks as you move away! The orc closely misses you.
The orc priest attacks as you move away!
The orc priest hits you but does no damage.
The orc priest calls down the wrath of Beogh upon you.
Beogh smites you!
* * * LOW HITPOINT WARNING * * *
The orc hits you with a +0 whip.
* * * LOW HITPOINT WARNING * * *
The orc attacks as you move away! The orc barely misses you.
Casting: Vampiric Draining (dangerous; 10% risk of failure)
Confirm with . or Enter, or press ? or * to list all spells.
Aiming: Vampiric Draining (dangerous; 10% risk of failure)
Press: ? - help, Shift-Dir - straight line, f - orc
Aim: an orc, wielding a +0 whip You draw life force from the orc!
You kill the orc!
You feel life coursing into your body.
The orc priest looks encouraged for a moment.
Casting: Vampiric Draining (dangerous; 10% risk of failure)
Confirm with . or Enter, or press ? or * to list all spells.
Aiming: Vampiric Draining (dangerous; 10% risk of failure)
Press: ? - help, Shift-Dir - straight line You draw life force from something!
You feel life coursing into your body.
You hear some strange, mumbled words.
A puff of flame appears from out of thin air!
The puff of flame hits you.
* * * LOW HITPOINT WARNING * * *
You hear some strange, mumbled words.
Something tries to affect you, but you resist.
A magic dart appears from out of thin air!
The magic dart hits you.
You die...

#........#...........###
#..............###...###
#......................'
#........#........######
#........#.#.#.##.# #
###......#.#.#.##+#### #
#......#.#.#.......###
#......#.#.#..........
#....@................
###....#.###.#.........#
..............#.........#
#########.##########....#
#...).o{.{..............#
#)######................#
#..).# #.................
#o##'# #...########......
#.#...##.............<...


There were no monsters in sight!

Vanquished Creatures
  An orc priest (D:3)
  3 gnolls
  3 adders (D:2)
  A worm (D:2)
  A dart slug (D:1)
  16 orcs
  5 endoplasms
  6 goblins
  7 hobgoblins
  3 jackals (D:1)
  3 quokkas
  5 ball pythons
  5 bats
  3 frilled lizards
  6 kobolds
  10 rats
78 creatures vanquished.

Vanquished Creatures (others)
  An orc (D:3)
1 creature vanquished.

Grand Total: 79 creatures vanquished

Notes
Turn   | Place    | Note
-------+----------+-------------------------------------------
     0 | D:1      | siradein the Ghoul Necromancer began the quest for the Orb.
     0 | D:1      | Reached XP level 1. HP: 14/14 MP: 2/2
   349 | D:1      | Reached XP level 2. HP: 17/22 MP: 0/3
   881 | D:1      | Reached skill level 1 in Fighting
   996 | D:1      | Reached XP level 3. HP: 25/28 MP: 5/5
  1003 | D:1      | Learned a level 3 spell: Vampiric Draining
  1196 | D:2      | Found a faded altar of an unknown god.
  1200 | D:2      | Reached skill level 1 in Armour
  1448 | D:2      | Reached XP level 4. HP: 19/35 MP: 6/6
  2084 | D:3      | Found Yggetede's Armour Shop.
  2384 | D:3      | Reached XP level 5. HP: 23/41 MP: 7/7
  3308 | D:3      | HP: 1/41 [orc/+0 whip (3)]
  3320 | D:3      | Killed from afar by an orc wizard

Illustrated notes

Levels and vault maps discovered:
D:1:      dpeg_arrival_short_road, layout_basic
D:2:      layout_rooms, shapermc_ecumenical_altar_mp_highgroup,
          dk_noncrumbling_4
D:3:      layout_basic, serial_shops, shop

Skill      XL: |  1  2  3  4  5 |
---------------+----------------+-----
Dodging        | 2 |  2.7
Spellcasting   | 2 |  2.5
Fighting       | 1 2 |  2.1
Armour         | 1 |  1.7
Maces & Flails | |  0.5
Slings         | |  0.7
Stealth        | |  2.1
Necromancy     | |  4.5

Action                   |  1- 3 |  4- 6 || total
-------------------------+-------+-------++-------
Melee: Short sword       |   127 |   188 ||   315
       Unarmed           |    10 |       ||    10
 Fire: Hunting sling     |       |     6 ||     6
 Cast: Pain              |     7 |       ||     7
       Vampiric Draining |       |     4 ||     4
Armor: Ring mail         |    64 |    70 ||   134
       Leather armour    |       |    31 ||    31
Dodge: Dodged            |    90 |   139 ||   229

Table legend: (Time is in decaauts)
 A = Elapsed time spent in this place.
 B = Non-inter-level travel time spent in this place.
 C = Inter-level travel time spent in this place.
 D = Time resting spent in this place.
 E = Time spent auto-exploring this place.
 F = Levels seen in this place.
 G = Mean time per level.
                   A        B        C        D        E       F      G
               +--------+--------+--------+--------+--------+-----+--------+
         Total |   3352 |   3277 |     75 |    569 |   1922 |   3 | 1117.3 |
       Dungeon |   3352 |   3277 |     75 |    569 |   1922 |   3 | 1117.3 |
               +--------+--------+--------+--------+--------+-----+--------+

Top non-repeatable levels by time:
     D:2: 1239 daAuts
     D:1: 1165 daAuts
     D:3: 946 daAuts
